AoeStats
← Nichelson3360

Black Forest

510227598Analyzed
4v4 RM · 12h ago on Sep 30, 2026· 20m 51s· 8 players
Game mode
Random Map
Map size
Large (8 player)
Population
200
Speed
Normal
Resources
Standard
Victory
Conquest
Starting age
Dark Age
Ending age
Imperial Age
RankedLock teamsTeams togetherTeam positionsShared explorationLock speedFull tech treeHidden civsTurbo modeCheats
Victory
Defeat
🇺🇸 Khmer · United States
1117
+15
🇺🇸 Romans · United States
1109
+15
🇲🇽 Ethiopians · Mexico
1103
+15
🇨🇱 Celts · Chile
1099
+16
🇺🇸 Japanese · United States
1139
-17
🇨🇳 Huns · China
1080
-15
🇺🇸 Britons · United States
1074
-15
🇳🇱 Dravidians · Netherlands
1066
-14
NITRO_OF_THE_OLD_DOMINION
1:49 Loom
10:55 Feudal Age
16:49 Wheelbarrow
18:53 Castle Age
19:30 Horse Collar
19:40 Double-Bit Axe
VadersSon2004
11:01 Feudal Age
15:18 Castle Age
13:52 Double-Bit Axe
13:49 Horse Collar
16:54 Wheelbarrow
16:46 Bow Saw
20:13 Heavy Plow
20:57 Loom
21:06 Gold Mining
deathprowler
10:20 Feudal Age
14:29 Castle Age
12:45 Double-Bit Axe
13:38 Horse Collar
雎鸠
1:40 Loom
11:42 Feudal Age
13:42 Double-Bit Axe
15:40 Horse Collar
18:10 Castle Age
CAS MBAG
10:52 Feudal Age
11:45 Loom
14:32 Castle Age
13:05 Double-Bit Axe
Darth MBAG
10:57 Feudal Age
10:03 Loom
14:40 Castle Age
13:35 Double-Bit Axe
13:41 Horse Collar
14:24 Bloodlines
14:39 Gold Mining
17:19 Husbandry
19:55 Wheelbarrow
19:06 Town Watch
20:28 Forging
20:47 Scale Barding Armor
[GDL] Doña Pelos
11:20 Feudal Age
12:35 Loom
15:39 Castle Age
14:40 Double-Bit Axe
14:37 Horse Collar
16:58 Bow Saw
16:49 Heavy Plow
16:57 Gold Mining
Nichelson3360
1:00 Loom
11:59 Feudal Age
19:09 Castle Age
17:28 Gold Mining
17:39 Double-Bit Axe
17:40 Horse Collar
18:18 Stone Mining
20:20 Bow Saw
Connection lost

Rejoining the realm…

Still unreachable

The connection could not be restored.

Session expired

The server has moved on; the page needs a fresh start.